TOP OF THE 1ST |
Iowa Cubs batting - Pitching for Memphis Redbirds : LHP John Fisher
|
Pitching: LHP John Fisher
|
|
Batting: RHB Andy Wasierski
|
0-0: Called Strike 0-1: Ball 1-1: Foul Ball, location: 2F 1-2: Ball 2-2: Foul Ball, location: 2F 2-2: Strikes out swinging
|
Batting: RHB Adam O'Hare
|
0-0: Ball 1-0: Ball 2-0: Foul Ball, location: 2F 2-1: Ball 3-1: Base on Balls
|
Batting: RHB Francisco Ramirez
|
0-0: Called Strike 0-1: Called Strike 0-2: Foul Ball, location: 2F 0-2: Ball 1-2: Strikes out looking
|
Batting: LHB John Holst
|
0-0: Ball 1-0: Called Strike 1-1: Ground out U3 (Groundball, 3, EV 95.0 MPH)
|
Top of the 1st over - 0 runs, 0 hits, 0 errors, 1 left on base; Iowa 0 - Memphis 0 |
BOTTOM OF THE 1ST |
Memphis Redbirds batting - Pitching for Iowa Cubs : LHP Nate George
|
Pitching: LHP Nate George
|
|
Batting: RHB Nick Gentzel
|
0-0: Called Strike 0-1: Ball 1-1: SINGLE (Groundball, 5S, EV 73.8 MPH) (infield hit)
|
Batting: RHB Klaas Meij
|
0-0: Ball Wild Pitch! Nick Gentzel to second 1-0: Swinging Strike 1-1: Swinging Strike 1-2: Foul Ball, location: 2F 1-2: Hit by Pitch
|
Batting: RHB Terry Baginski
|
0-0: Called Strike 0-1: Ball 1-1: SINGLE (Line Drive, 34D, EV 93.8 MPH) Nick Gentzel to third Klaas Meij to second
|
Batting: RHB Melvin Enriquez
|
0-0: Ball 1-0: Ball 2-0: Called Strike 2-1: Ball 3-1: Base on Balls Nick Gentzel scores Klaas Meij to third Terry Baginski to second
|
Batting: SHB Quido van Erp
|
0-0: Called Strike 0-1: Ball 1-1: Foul Ball, location: 2F 1-2: Foul Ball, location: 2F 1-2: Ball 2-2: Ball 3-2: Ground out 4-3 (Groundball, 4MS, EV 69.4 MPH) Klaas Meij scores Terry Baginski to third Melvin Enriquez to second
|
Batting: RHB Travis Leonard
|
0-0: Ball 1-0: Ball 2-0: Foul Ball, location: 2F 2-1: Ball 3-1: SINGLE (Groundball, 56D, EV 109.4 MPH) Terry Baginski scores Melvin Enriquez to third
|
Batting: LHB Jesus Ramirez
|
0-0: Ball 1-0: Called Strike 1-1: Ball Travis Leonard steals 2nd, throwing error, E2 Melvin Enriquez scores Travis Leonard to third 2-1: Foul Ball, location: 2F 2-2: Foul Ball, location: 2F 2-2: SINGLE (Line Drive, 8RS, EV 110.6 MPH) Travis Leonard scores
|
Batting: RHB Mark Cahill
|
0-0: Ball 1-0: Swinging Strike 1-1: Fielders Choice at 2nd, 3-6 (Groundball, 13, EV 85.0 MPH)
|
Batting: LHB Ken Compton
|
0-0: Foul Ball, location: 2F 0-1: Ball 1-1: Fielders Choice at 2nd, 5-4 (Groundball, 5, EV 88.8 MPH)
|
Bottom of the 1st over - 5 runs, 4 hits, 1 error, 1 left on base; Iowa 0 - Memphis 5 |
TOP OF THE 2ND |
Iowa Cubs batting - Pitching for Memphis Redbirds : LHP John Fisher
|
Batting: LHB Chris Morgan
|
0-0: Swinging Strike 0-1: Called Strike 0-2: Strikes out swinging
|
Batting: LHB John Criswell
|
0-0: Ball 1-0: Ball 2-0: Called Strike 2-1: Ground out 4-3 (Groundball, 34, EV 95.6 MPH)
|
Batting: RHB Peter Croston
|
0-0: Swinging Strike 0-1: Swinging Strike 0-2: Strikes out swinging
|
Top of the 2nd over - 0 runs, 0 hits, 0 errors, 0 left on base; Iowa 0 - Memphis 5 |
BOTTOM OF THE 2ND |
Memphis Redbirds batting - Pitching for Iowa Cubs : LHP Nate George
|
Batting: RHB Nick Gentzel
|
0-0: Swinging Strike 0-1: Foul Ball, location: 2F 0-2: Ground out 5-3 (Groundball, 5L, EV 83.1 MPH)
|
Batting: RHB Klaas Meij
|
0-0: Ball 1-0: Fly out, F9 (Line Drive, 9, EV 106.9 MPH)
|
Batting: RHB Terry Baginski
|
0-0: Ball 1-0: Ball 2-0: Ball 3-0: Base on Balls
|
Pitching: RHP Rashid bin Ala'
|
|
Batting: RHB Melvin Enriquez
|
0-0: Fly out, F4 (Line Drive, 4, EV 61.2 MPH)
|
Bottom of the 2nd over - 0 runs, 0 hits, 0 errors, 1 left on base; Iowa 0 - Memphis 5 |
TOP OF THE 3RD |
Iowa Cubs batting - Pitching for Memphis Redbirds : LHP John Fisher
|
Batting: SHB Nick Chandler
|
0-0: Ground out 6-3 (Groundball, 6, EV 77.5 MPH)
|
Batting: SHB R.J. Vargas
|
0-0: Called Strike 0-1: Swinging Strike 0-2: Strikes out swinging
|
Batting: RHB Andy Wasierski
|
0-0: Foul Ball, location: 2F 0-1: Foul Ball, location: 2F 0-2: Strikes out swinging
|
Top of the 3rd over - 0 runs, 0 hits, 0 errors, 0 left on base; Iowa 0 - Memphis 5 |
BOTTOM OF THE 3RD |
Memphis Redbirds batting - Pitching for Iowa Cubs : RHP Rashid bin Ala'
|
Batting: SHB Quido van Erp
|
0-0: Called Strike 0-1: Ball 1-1: Swinging Strike 1-2: Ball 2-2: Fly out, F8 (Flyball, 8RXD, EV 94.4 MPH)
|
Batting: RHB Travis Leonard
|
0-0: Called Strike 0-1: Ball 1-1: SINGLE (Groundball, 5S, EV 62.5 MPH) (infield hit)
|
Batting: LHB Jesus Ramirez
|
0-0: Ball Travis Leonard steals 2nd base 1-0: Ball 2-0: Ball 3-0: Called Strike 3-1: Base on Balls
|
Batting: RHB Mark Cahill
|
0-0: SINGLE (Groundball, 34D, EV 103.8 MPH) (infield hit) Travis Leonard to third Jesus Ramirez to second
|
Batting: LHB Ken Compton
|
0-0: Ball 1-0: Fly out, F8 (Flyball, 78S, EV 83.1 MPH) Runner from 3rd tags up, SCORES, throw by CF
|
Batting: RHB Nick Gentzel
|
0-0: Called Strike 0-1: Swinging Strike 0-2: Ball 1-2: Ball 2-2: Strikes out swinging
|
Bottom of the 3rd over - 1 run, 2 hits, 0 errors, 2 left on base; Iowa 0 - Memphis 6 |
TOP OF THE 4TH |
Iowa Cubs batting - Pitching for Memphis Redbirds : LHP John Fisher
|
Batting: RHB Adam O'Hare
|
0-0: Ball 1-0: Ball 2-0: Foul Ball, location: 2F 2-1: Foul Ball, location: 2F 2-2: Foul Ball, location: 2F 2-2: SINGLE (Groundball, 6MD, EV 103.1 MPH)
|
Batting: RHB Francisco Ramirez
|
0-0: Foul Ball, location: 2F 0-1: Ball 1-1: Foul Ball, location: 2F 1-2: Strikes out swinging
|
Batting: LHB John Holst
|
0-0: Ball 1-0: Swinging Strike 1-1: Ball Adam O'Hare is caught stealing 2nd base 2-6 2-1: Ball 3-1: Foul Ball, location: 2F 3-2: Strikes out looking
|
Top of the 4th over - 0 runs, 1 hit, 0 errors, 0 left on base; Iowa 0 - Memphis 6 |
BOTTOM OF THE 4TH |
Memphis Redbirds batting - Pitching for Iowa Cubs : RHP Rashid bin Ala'
|
Pitching: RHP Josh Ready
|
|
Batting: RHB Klaas Meij
|
0-0: Ball 1-0: Swinging Strike 1-1: Foul Ball, location: 2F 1-2: Ball 2-2: Ball 3-2: Strikes out swinging
|
Batting: RHB Terry Baginski
|
0-0: Ball 1-0: Ball 2-0: Called Strike 2-1: Called Strike 2-2: Foul Ball, location: 2F 2-2: Ball 3-2: Foul Ball, location: 2F 3-2: Base on Balls
|
Batting: RHB Melvin Enriquez
|
0-0: Ball 1-0: Ball Terry Baginski steals 2nd base (no throw) 2-0: Ball 3-0: Base on Balls
|
Batting: SHB Quido van Erp
|
0-0: Called Strike 0-1: Foul Ball, location: 2F 0-2: Ball Balk! Terry Baginski to third Melvin Enriquez to second 1-2: Ball 2-2: Ball 3-2: SINGLE (Line Drive, 6MD, EV 94.4 MPH) Terry Baginski scores Melvin Enriquez to third
|
Pitching: RHP Julio Arteaga
|
|
Batting: RHB Travis Leonard
|
0-0: Ball 1-0: Called Strike Quido van Erp steals 2nd base 1-1: Ball 2-1: Ball 3-1: Ground out 4-3 (Groundball, 4S, EV 73.8 MPH) Melvin Enriquez scores Quido van Erp to third
|
Batting: LHB Jesus Ramirez
|
0-0: Called Strike 0-1: Ball 1-1: Ball 2-1: Ball 3-1: SINGLE (Groundball, P, EV 90.6 MPH) (infield hit) Quido van Erp scores
|
Batting: RHB Mark Cahill
|
0-0: Ball 1-0: Foul Ball, location: 2F 1-1: Ball 2-1: Ground out 3-1 (Groundball, 34, EV 103.1 MPH)
|
Bottom of the 4th over - 3 runs, 2 hits, 0 errors, 1 left on base; Iowa 0 - Memphis 9 |
TOP OF THE 5TH |
Iowa Cubs batting - Pitching for Memphis Redbirds : LHP John Fisher
|
Batting: LHB Chris Morgan
|
0-0: Ball 1-0: Ball 2-0: Called Strike 2-1: Called Strike 2-2: Strikes out swinging
|
Batting: LHB John Criswell
|
0-0: Ball 1-0: Ball 2-0: Ball 3-0: Called Strike 3-1: Foul Ball, location: 2F 3-2: Strikes out swinging
|
Batting: RHB Peter Croston
|
0-0: Called Strike 0-1: Ball 1-1: Called Strike 1-2: Strikes out swinging
|
Top of the 5th over - 0 runs, 0 hits, 0 errors, 0 left on base; Iowa 0 - Memphis 9 |
BOTTOM OF THE 5TH |
Memphis Redbirds batting - Pitching for Iowa Cubs : RHP Julio Arteaga
|
Batting: LHB Ken Compton
|
0-0: Ball 1-0: Foul Ball, location: 2F 1-1: Ball 2-1: Ball 3-1: SINGLE (Flyball, 8RS, EV 88.8 MPH)
|
Pitching: RHP Ryan Masterson
|
|
Batting: RHB Nick Gentzel
|
0-0: Foul Ball, location: 2F 0-1: DOUBLE (Line Drive, 7LM, EV 110.0 MPH) Ken Compton to third
|
Batting: RHB Klaas Meij
|
0-0: Called Strike 0-1: Ball 1-1: Foul Ball, location: 2F 1-2: Foul Ball, location: 2F 1-2: Foul Ball, location: 2F 1-2: Strikes out swinging
|
Batting: RHB Terry Baginski
|
0-0: Ball 1-0: Ball 2-0: Called Strike 2-1: Ball 3-1: Base on Balls
|
Batting: RHB Melvin Enriquez
|
0-0: Called Strike 0-1: Ball 1-1: GRAND SLAM HOME RUN (Flyball, 78XD, EV 99.4 MPH), Distance : 394 ft
|
Batting: SHB Quido van Erp
|
0-0: Ball 1-0: Ball 2-0: Ball 3-0: Base on Balls
|
Pitching: LHP Neal Brody
|
|
Batting: RHB Travis Leonard
|
0-0: Foul Ball, location: 2F 0-1: Ball 1-1: Foul Ball, location: 2F 1-2: Reached on error, E5 (Groundball, 56, EV 104.4 MPH) Quido van Erp to second
|
Batting: LHB Jesus Ramirez
|
0-0: Foul Ball, location: 2F 0-1: Ball 1-1: Ball 2-1: Ball 3-1: Called Strike 3-2: Strikes out swinging
|
Batting: RHB Mark Cahill
|
0-0: Ball 1-0: Ball 2-0: Ball 3-0: Base on Balls Quido van Erp to third Travis Leonard to second
|
Batting: LHB Ken Compton
|
0-0: Ball 1-0: Ball 2-0: Ball 3-0: Called Strike 3-1: Base on Balls Quido van Erp scores Travis Leonard to third Mark Cahill to second
|
Pitching: RHP Willie Ramos
|
|
Batting: RHB Nick Gentzel
|
0-0: Called Strike 0-1: Called Strike 0-2: Ground out 5-3 (Groundball, 56S, EV 78.1 MPH)
|
Bottom of the 5th over - 5 runs, 3 hits, 1 error, 3 left on base; Iowa 0 - Memphis 14 |
TOP OF THE 6TH |
Iowa Cubs batting - Pitching for Memphis Redbirds : LHP John Fisher
|
Batting: SHB Nick Chandler
|
0-0: Ball 1-0: Ball 2-0: Ball 3-0: Called Strike 3-1: Base on Balls
|
Batting: SHB R.J. Vargas
|
0-0: Ball 1-0: Ball 2-0: Called Strike 2-1: Grounds into double play, 5-4-3 (Groundball, 56, EV 83.1 MPH)
|
Batting: RHB Andy Wasierski
|
0-0: Ball 1-0: Foul Ball, location: 2F 1-1: Swinging Strike 1-2: Ball 2-2: Strikes out swinging
|
Top of the 6th over - 0 runs, 0 hits, 0 errors, 0 left on base; Iowa 0 - Memphis 14 |
BOTTOM OF THE 6TH |
Memphis Redbirds batting - Pitching for Iowa Cubs : RHP Willie Ramos
|
Batting: RHB Klaas Meij
|
0-0: Called Strike 0-1: Swinging Strike 0-2: Foul Ball, location: 2F 0-2: Ball 1-2: SINGLE (Line Drive, 7S, EV 92.5 MPH)
|
Batting: RHB Terry Baginski
|
0-0: Ball 1-0: Called Strike 1-1: Ball 2-1: Foul Ball, location: 2F 2-2: Foul Ball, location: 2F 2-2: Ball 3-2: Base on Balls Klaas Meij to second
|
Batting: RHB Melvin Enriquez
|
0-0: Ball 1-0: Ball 2-0: Foul Ball, location: 2F 2-1: Swinging Strike 2-2: Strikes out swinging
|
Pitching: RHP Heef Harted
|
|
Batting: SHB Quido van Erp
|
0-0: Ball 1-0: Called Strike 1-1: Ball 2-1: Foul Ball, location: 2F 2-2: Strikes out swinging
|
Batting: RHB Travis Leonard
|
0-0: Fielders Choice at 2nd, 6-4 (Groundball, 6, EV 94.4 MPH)
|
Bottom of the 6th over - 0 runs, 1 hit, 0 errors, 2 left on base; Iowa 0 - Memphis 14 |
TOP OF THE 7TH |
Iowa Cubs batting - Pitching for Memphis Redbirds : LHP John Fisher
|
Batting: RHB Adam O'Hare
|
0-0: Foul Ball, location: 2F 0-1: Foul Ball, location: 2F 0-2: Strikes out looking
|
Batting: RHB Francisco Ramirez
|
0-0: Ball 1-0: Foul Ball, location: 2F 1-1: Ball 2-1: Foul Ball, location: 2F 2-2: Strikes out swinging
|
Batting: LHB John Holst
|
0-0: Ball 1-0: Ground out U3 (Groundball, 3D, EV 85.0 MPH)
|
Top of the 7th over - 0 runs, 0 hits, 0 errors, 0 left on base; Iowa 0 - Memphis 14 |
BOTTOM OF THE 7TH |
Memphis Redbirds batting - Pitching for Iowa Cubs : RHP Heef Harted
|
Batting: LHB Jesus Ramirez
|
0-0: Ball 1-0: Ball 2-0: Foul Ball, location: 2F 2-1: SINGLE (Flyball, 7S, EV 92.5 MPH)
|
Batting: RHB Mark Cahill
|
0-0: Ball 1-0: SINGLE (Line Drive, 9S, EV 98.8 MPH) Jesus Ramirez to second
|
Batting: LHB Ken Compton
|
0-0: Foul Ball, location: 2F 0-1: Foul Ball, location: 2F 0-2: Ball 1-2: Ball 2-2: Ball 3-2: SINGLE (Groundball, 6S, EV 70.6 MPH) (infield hit) Jesus Ramirez to third Mark Cahill to second
|
Batting: RHB Nick Gentzel
|
0-0: Ball 1-0: Swinging Strike 1-1: Ball 2-1: Ball 3-1: Foul Ball, location: 2F 3-2: Base on Balls Jesus Ramirez scores Mark Cahill to third Ken Compton to second
|
Batting: RHB Klaas Meij
|
0-0: Called Strike 0-1: Called Strike 0-2: Strikes out swinging
|
Batting: RHB Terry Baginski
|
0-0: Called Strike 0-1: Foul Ball, location: 2F 0-2: Ball 1-2: Ball 2-2: Foul Ball, location: 2F 2-2: SINGLE (Groundball, 6D, EV 109.4 MPH) Mark Cahill scores Ken Compton to third Nick Gentzel to second Runner from 3rd tries for Home, throw by LF and OUT! 7-2
|
Batting: RHB Melvin Enriquez
|
0-0: Swinging Strike 0-1: Swinging Strike 0-2: Ball 1-2: Ball Balk! Nick Gentzel to third Terry Baginski to second 2-2: Ball 3-2: Base on Balls
|
Batting: SHB Quido van Erp
|
0-0: Foul Ball, location: 2F 0-1: Swinging Strike 0-2: Ball 1-2: Foul Ball, location: 2F 1-2: Ball 2-2: Ball 3-2: Foul Ball, location: 2F 3-2: Base on Balls Nick Gentzel scores Terry Baginski to third Melvin Enriquez to second
|
Batting: RHB Travis Leonard
|
0-0: Ball Wild Pitch! Terry Baginski scores Melvin Enriquez to third Quido van Erp to second 1-0: Ball 2-0: Called Strike 2-1: Swinging Strike 2-2: Ball 3-2: Base on Balls
|
Batting: LHB Jesus Ramirez
|
0-0: Called Strike 0-1: Ground out 3-1 (Groundball, 34, EV 86.2 MPH)
|
Bottom of the 7th over - 4 runs, 4 hits, 0 errors, 3 left on base; Iowa 0 - Memphis 18 |
TOP OF THE 8TH |
Iowa Cubs batting - Pitching for Memphis Redbirds : LHP John Fisher
|
Batting: LHB Chris Morgan
|
0-0: Swinging Strike 0-1: Ball 1-1: Called Strike 1-2: Strikes out swinging
|
Batting: LHB John Criswell
|
0-0: Foul Ball, location: 2F 0-1: Called Strike 0-2: Foul Ball, location: 2F 0-2: Ball 1-2: Strikes out swinging
|
Batting: RHB Peter Croston
|
0-0: Called Strike 0-1: Ball 1-1: Ball 2-1: Swinging Strike 2-2: Ball 3-2: Base on Balls
|
Pitching: RHP Brian Sanderson
|
|
Batting: SHB Nick Chandler
|
0-0: Called Strike 0-1: Fly out, F5 (Popup, 56S, EV 77.5 MPH)
|
Top of the 8th over - 0 runs, 0 hits, 0 errors, 1 left on base; Iowa 0 - Memphis 18 |
BOTTOM OF THE 8TH |
Memphis Redbirds batting - Pitching for Iowa Cubs : RHP Heef Harted
|
Batting: RHB Mark Cahill
|
0-0: Foul Ball, location: 2F 0-1: Fly out, F8 (Line Drive, 8LM, EV 93.8 MPH)
|
Batting: LHB Ken Compton
|
0-0: Ball 1-0: Ball 2-0: Called Strike 2-1: Foul Ball, location: 2F 2-2: Strikes out swinging
|
Batting: RHB Nick Gentzel
|
0-0: Ball 1-0: Ball 2-0: Called Strike 2-1: Foul Ball, location: 2F 2-2: Ball 3-2: Base on Balls
|
Batting: RHB Klaas Meij
|
0-0: Ball 1-0: Ball Passed Ball! Nick Gentzel to second 2-0: Ball 3-0: Base on Balls
|
Batting: RHB Terry Baginski
|
0-0: Ball 1-0: Swinging Strike 1-1: Called Strike 1-2: Ball 2-2: Foul Ball, location: 2F 2-2: Ball 3-2: Foul Ball, location: 2F 3-2: Ground out 4-3 (Groundball, 4, EV 85.0 MPH)
|
Bottom of the 8th over - 0 runs, 0 hits, 0 errors, 2 left on base; Iowa 0 - Memphis 18 |
TOP OF THE 9TH |
Iowa Cubs batting - Pitching for Memphis Redbirds : RHP Brian Sanderson
|
Batting: SHB R.J. Vargas
|
0-0: Ball 1-0: Swinging Strike 1-1: Swinging Strike 1-2: Ball 2-2: Ball 3-2: Foul Ball, location: 2F 3-2: Strikes out swinging
|
Batting: RHB Andy Wasierski
|
0-0: Called Strike 0-1: Ball 1-1: Called Strike 1-2: Strikes out swinging
|
Batting: RHB Adam O'Hare
|
0-0: Swinging Strike 0-1: Ball 1-1: Called Strike 1-2: Strikes out swinging
|
Top of the 9th over - 0 runs, 0 hits, 0 errors, 0 left on base; Iowa 0 - Memphis 18 |
|